 Dungeon Crawl Stone Soup version 0.19-a0-645-gfd18b6f (webtiles) character file.

289 FrankyJ the Skirmisher (level 6, 0/52 HPs)
             Began as a Demonspawn Monk on June 14, 2016.
             Was a Follower of Uskayaw.
             Slain by an iguana (9 damage)
             ... on level 5 of the Dungeon.
             The game lasted 00:10:09 (2360 turns).

FrankyJ the Skirmisher (Demonspawn Monk)            Turns: 2360, Time: 00:10:09

Health: 0/52       AC:  4    Str: 14    XL:     6   Next: 9%
Magic:  6/6        EV: 14    Int: 11    God:    Uskayaw [*.....]
Gold:   6          SH:  0    Dex: 15    Spells: 0 memorised, 5 levels left

rFire  . . .     SeeInvis .     e - +2 quarterstaff (drain)
rCold  . . .     Gourm    .     a - +0 robe
rNeg   . . .     Faith    .     (shield currently unavailable)
rPois  .         Spirit   .     (helmet restricted)
rElec  .         Dismiss  .     q - +0 cloak
rCorr  .         Reflect  .     (no gloves)
SustAt .         Harm     .     (no boots)
MR     .....                    s - amulet of rage
Stlth  ++........               (no ring)
                                (no ring)

@: not resistant to hostile enchantments, unstealthy
A: antennae 1, icy blue scales 1, powered by pain 1
a: Stomp, Renounce Religion, Evoke Berserk Rage


You were on level 5 of the Dungeon.
You worshipped Uskayaw.
Uskayaw was aware of your devotion.
You were not hungry.

You visited 1 branch of the dungeon, and saw 4 of its levels.

You collected 136 gold pieces.
You spent 130 gold pieces at shops.

Inventory:

Hand Weapons
 e - a +2 quarterstaff of draining (weapon)
 k - a +0 hunting sling
Missiles
 l - 95 stones (quivered)
 p - 9 poisoned needles
Armour
 a - a +0 robe (worn)
 q - a +0 cloak (worn)
Jewellery
 i - a +4 ring of dexterity {unknown}
 r - an uncursed ring of flight {unknown}
 s - an amulet of rage (around neck)
Scrolls
 g - 2 scrolls of remove curse
 h - a scroll of identify
Potions
 c - a potion of degeneration {unknown}
 d - 2 potions of cure mutation {unknown}
 f - a potion of resistance {unknown}
 j - 3 potions of heal wounds
 n - a potion of brilliance {unknown}
Comestibles
 b - 2 bread rations
 m - a slice of pizza
 o - 2 fruits
 t - 5 chunks of flesh
 u - a meat ration


   Skills:
 + Level 5.7 Fighting
 + Level 1.4 Staves
 - Level 4.0 Dodging
 - Level 1.7 Stealth
 - Level 3.6 Unarmed Combat


You had 5 spell levels left.
You didn't know any spells.

Dungeon Overview and Level Annotations

Branches:
Dungeon (5/15)
 Temple: D:4-7

Altars:
Uskayaw

Shops:
D:4 !

Annotations:
D:2 Terence


Innate Abilities, Weirdness & Mutations

You have a pair of small antennae on your head.
You are partially covered in icy blue scales. (AC +1)
You sometimes gain a little power by taking damage.


Message History

An iguana comes into view.
The giant cockroach bites you but does no damage.
The giant cockroach misses you.
You see here a scroll labeled PUUSUA YCLOTE.
You barely miss the giant cockroach. The giant cockroach closely misses you.
You hit the giant cockroach but do no damage.
The iguana hisses angrily.
The giant cockroach bites you but does no damage.
The giant cockroach barely misses you.
You hit the giant cockroach.
You kill the giant cockroach!
You see here a giant cockroach corpse.
You barely miss the iguana. The iguana bites you!
You closely miss the iguana. The iguana bites you. The iguana bites you!
You closely miss the iguana. The iguana bites you!
* * * LOW HITPOINT WARNING * * *
You sock the iguana! You drain the iguana!
The iguana is almost dead.
The iguana bites you!
You die...

#.# #.# #.#
#++####.#
#+##...#...#
#....#.#...#
####.......####
......l@†?....#
####.#.....##.#
#####.##.#
#.##.# #)##.#
#.##(# ..##.#
####.# #.#


You could see an iguana.

Vanquished Creatures
  A hippogriff (D:4)
  An orc wizard (D:4)
  Jessica (D:2)
  A worker ant (D:4)
  Robin (D:1)
  An adder (D:4)
  An ooze (D:4)
  A dart slug (D:1)
  3 giant geckos
  4 orcs (D:4)
  A giant cockroach (D:5)
  8 goblins
  9 hobgoblins
  2 jackals (D:1)
  7 kobolds
  A ball python (D:4)
  2 bats
  2 giant newts (D:1)
47 creatures vanquished.

Notes
Turn   | Place    | Note
--------------------------------------------------------------
     0 | D:1      | FrankyJ the Demonspawn Monk began the quest for the Orb.
     0 | D:1      | Reached XP level 1. HP: 18/18 MP: 1/1
   378 | D:1      | Gained mutation: You are partially covered in icy blue scales. (AC +1) [demonic ancestry]
   378 | D:1      | Reached XP level 2. HP: 19/24 MP: 2/2
   826 | D:2      | Noticed Jessica
   836 | D:2      | Killed Jessica
   836 | D:2      | Gained mutation: You have a pair of small antennae on your head. [demonic ancestry]
   836 | D:2      | Reached XP level 3. HP: 25/29 MP: 3/3
   840 | D:2      | Noticed Robin
   912 | D:1      | Killed Robin
  1103 | D:2      | Reached XP level 4. HP: 32/37 MP: 4/4
  1452 | D:2      | Noticed Terence
  1583 | D:2      | Found a hide-covered altar of Uskayaw.
  1620 | D:2      | Became a worshipper of Uskayaw the Reveler
  1620 | D:2      | Reached * piety under Uskayaw
  1637 | D:2      | You fall through a shaft for 2 floors!
  1681 | D:4      | Found Sudaz's Distillery.
  1691 | D:4      | Bought a potion of heal wounds for 65 gold pieces
  1895 | D:4      | Reached skill level 4 in Fighting
  1895 | D:4      | Reached ** piety under Uskayaw
  1898 | D:4      | Reached *** piety under Uskayaw
  1902 | D:4      | Reached **** piety under Uskayaw
  2239 | D:4      | Noticed a hippogriff
  2255 | D:4      | Gained mutation: You sometimes gain a little power by taking damage. [demonic ancestry]
  2255 | D:4      | Reached XP level 5. HP: 35/43 MP: 5/5
  2295 | D:4      | Killed a hippogriff
  2295 | D:4      | Reached skill level 5 in Fighting
  2295 | D:4      | Reached skill level 1 in Staves
  2295 | D:4      | Reached XP level 6. HP: 40/52 MP: 6/6
  2308 | D:4      | Bought a potion of heal wounds for 65 gold pieces
  2325 | D:5      | Entered Level 5 of the Dungeon
  2360 | D:5      | Slain by an iguana

Vault maps used:
D:1:      roderic_chinese_lattice_arrival, minivault_27, hex_tiny
D:2:      eat_drink_and_be_merry_uskayaw, lemuel_doored_altar,
          old_standard_altar, uniq_iyjb, uniq_robin, uniq_jessica, uniq_terence
D:4:      serial_shops, shop, first_bread
D:5:      kiku_gazebo_pond_becter, kennysheep_generic_room_7, uniq_edmund

Skill      XL: |  1  2  3  4  5 |
---------------+----------------+-----
Dodging        | 3 4 |  4.0
Fighting       | 4 5 |  5.7
Staves         | 1 |  1.4
Stealth        | |  1.7
Unarmed Combat | |  3.6

Action                   |  1- 3 |  4- 6 || total
-------------------------+-------+-------++-------
Melee: Unarmed           |   122 |    53 ||   175
       Punch             |     2 |       ||     2
       Quarterstaff      |       |    40 ||    40
  Use: Scroll            |       |     5 ||     5
 Stab: Sleeping          |     3 |       ||     3
       Paralysed         |       |     2 ||     2
  Eat: Chunk             |       |     5 ||     5
Armor: Robe              |    23 |    20 ||    43
Dodge: Dodged            |    73 |    74 ||   147
